AoeStats
← nonoleboss

Arena

508890133Analyzed
4v4 RM · 8d ago on Sep 24, 2026· 45m 48s· 8 players
Game mode
Random Map
Map size
Large (8 player)
Population
200
Speed
Normal
Resources
Standard
Victory
Conquest
Starting age
Dark Age
Ending age
Imperial Age
RankedLock teamsTeams togetherTeam positionsShared explorationLock speedFull tech treeHidden civsTurbo modeCheats
Victory
Defeat
🇨🇳 Khmer · China
1308
+16
🇹🇼 Danes · Taiwan
1304
+16
1304
+16
1261
+18
🇦🇷 Mongols · Argentina
1488
-24
🇨🇳 Varangians · China
1322
-17
🇫🇷 Japanese · France
1279
-15
🇦🇷 Danes · Argentina
1146
-10
迷途之子長崎爽世
6:06 Loom
10:38 Feudal Age
15:21 Castle Age
13:44 Double-Bit Axe
14:38 Horse Collar
18:19 Wheelbarrow
23:09 Bow Saw
23:21 Gold Mining
30:08 Imperial Age
28:01 Husbandry
28:16 Scale Barding Armor
29:02 Forging
29:11 Bloodlines
29:23 Heavy Plow
30:20 Hand Cart
30:47 Chain Barding Armor
30:42 Stone Mining
31:16 Conscription
30:50 Town Watch
31:03 Cavalier
31:55 Treadmill Crane
32:51 Gothikon
32:54 Vendel Legacy
35:35 Plate Barding Armor
35:40 Iron Casting
36:49 Crop Rotation
36:20 Town Patrol
37:27 Two-Man Saw
38:40 Caravan
40:37 Blast Furnace
39:44 Fletching
40:57 Light Cavalry
41:17 Elite Skirmisher
43:34 Guilds
44:04 Bodkin Arrow
44:10 Padded Archer Armor
45:03 Ballistics
45:25 Bracer
JIANG
0:31 Loom
11:19 Feudal Age
12:07 Horse Collar
17:46 Castle Age
16:17 Double-Bit Axe
17:12 Wheelbarrow
20:07 Bow Saw
20:01 Heavy Plow
24:27 Hand Cart
24:50 Town Watch
26:04 Stone Mining
26:08 Gold Mining
27:34 Town Patrol
27:40 Husbandry
27:50 Bloodlines
27:47 Scale Barding Armor
27:56 Forging
28:19 Fortified Wall
31:56 Imperial Age
29:58 Masonry
29:11 Light Cavalry
31:27 Chain Barding Armor
31:43 Iron Casting
32:45 Stone Shaft Mining
32:54 Gold Shaft Mining
32:45 Double Crossbow
33:08 Conscription
34:22 Chemistry
33:59 Siege Engineers
34:42 Elite Ballista Elephant
37:57 Architecture
38:04 Plate Barding Armor
38:30 Blast Furnace
37:32 Hussar
38:33 Capped Ram
41:43 Murder Holes
43:59 Coinage
44:04 Crop Rotation
45:31 Banking
神速デュバリィ
9:41 Feudal Age
11:50 Loom
12:52 Double-Bit Axe
15:16 Castle Age
16:09 Bow Saw
17:10 Fervor
18:12 Horse Collar
20:08 Heavy Plow
24:51 Wheelbarrow
25:48 Hand Cart
28:58 Imperial Age
28:22 Chemistry
28:23 Padded Archer Armor
28:52 Fortified Wall
30:33 Siege Engineers
30:57 Conscription
31:02 Leather Archer Armor
33:06 Two-Man Saw
34:19 Ring Archer Armor
34:20 Houfnice
36:55 Town Watch
36:52 Pikeman
37:33 Squires
37:36 Scale Mail Armor
37:47 Forging
38:01 Ballistics
38:17 Wagenburg Tactics
39:32 Sanctity
40:07 Chain Mail Armor
40:02 Forging
41:02 Halberdier
42:21 Plate Mail Armor
42:26 Iron Casting
41:42 Fletching
46:19 Blast Furnace
45:14 Bodkin Arrow
精銳拜占庭聖騎兵
10:24 Feudal Age
11:43 Loom
14:32 Castle Age
12:30 Double-Bit Axe
13:41 Horse Collar
21:41 Sanctity
22:47 Fervor
28:52 Wheelbarrow
30:11 Murder Holes
30:39 Town Watch
39:26 Imperial Age
37:48 Scale Mail Armor
40:50 Ballistics
42:08 Heavy Scorpion
45:55 Chain Mail Armor
46:36 Forging
nonoleboss
9:57 Feudal Age
14:42 Castle Age
13:01 Double-Bit Axe
13:07 Horse Collar
15:49 Bow Saw
22:19 Loom
22:19 Town Watch
23:39 Wheelbarrow
27:20 Hand Cart
26:50 Town Watch
27:09 Heavy Plow
28:26 Scale Mail Armor
32:27 Imperial Age
30:42 Yasama
30:34 Fletching
31:00 Chain Mail Armor
30:56 Forging
30:46 Padded Archer Armor
31:59 Masonry
32:01 Pikeman
32:41 Squires
32:28 Arson
33:05 Halberdier
34:11 Conscription
33:12 Elite Samurai
34:46 Plate Mail Armor
34:52 Iron Casting
35:26 Gambesons
36:11 Capped Ram
36:36 Treadmill Crane
38:41 Two-Man Saw
39:59 Blast Furnace
Eman3007
12:29 Feudal Age
12:34 Feudal Age
12:53 Feudal Age
13:49 Double-Bit Axe
13:46 Horse Collar
16:37 Castle Age
20:48 Heavy Plow
21:04 Bow Saw
21:30 Heavy Plow
21:21 Gold Mining
22:09 Wheelbarrow
21:20 Loom
22:28 Loom
24:12 Hand Cart
23:42 Town Watch
24:37 Scale Mail Armor
25:17 Forging
28:39 Imperial Age
26:12 Town Patrol
27:16 Iron Casting
26:56 Chain Mail Armor
28:41 Gambesons
28:56 Squires
29:12 Chain Mail Armor
28:53 Gold Mining
28:55 Stone Mining
28:41 Capped Ram
29:38 Elite Varangian Guard
31:54 Blast Furnace
31:25 Plate Mail Armor
31:19 Ballistics
31:50 Gold Shaft Mining
31:50 Stone Shaft Mining
31:50 Siege Ram
33:55 Plate Mail Armor
33:32 Arson
33:31 Pikeman
34:22 Fletching
35:07 Coinage
35:07 Bodkin Arrow
34:35 Halberdier
36:32 Bracer
40:05 Elite Jomsviking
40:33 Hamask
41:44 Conscription
cristiandk22
9:50 Feudal Age
14:16 Castle Age
12:58 Double-Bit Axe
14:03 Loom
15:45 Bow Saw
21:21 Fletching
21:53 Gold Mining
24:53 Bodkin Arrow
26:49 Horse Collar
30:52 Imperial Age
29:18 Ballistics
29:03 Padded Archer Armor
29:25 Stone Mining
30:45 Heavy Plow
31:45 Bracer
32:53 Chemistry
35:33 Wheelbarrow
34:44 Town Watch
38:45 Conscription
39:48 Elite Mangudai
42:17 Gold Shaft Mining
Faker
10:42 Feudal Age
11:31 Double-Bit Axe
11:38 Loom
14:48 Castle Age
13:26 Horse Collar
15:46 Bow Saw
16:44 Heavy Plow
19:44 Stone Mining
20:28 Gold Mining
21:18 Town Watch
22:23 Wheelbarrow
28:06 Imperial Age
26:23 Forging
27:56 Iron Casting
28:08 Bloodlines
28:22 Husbandry
29:50 Blast Furnace
29:58 Scale Barding Armor
31:00 Two-Man Saw
30:31 Crop Rotation
30:37 Conscription
31:29 Stone Shaft Mining
32:00 Chain Barding Armor
31:36 Elite Jarl
32:40 Hand Cart
32:36 Siege Engineers
33:34 Plate Barding Armor
34:58 Light Cavalry
35:00 Cavalier
35:58 Hussar
38:00 Fortified Wall
38:06 Masonry
39:28 Fletching
40:54 Bodkin Arrow
41:21 Ballistics
41:35 Architecture
Connection lost

Rejoining the realm…

Still unreachable

The connection could not be restored.

Session expired

The server has moved on; the page needs a fresh start.